 Dungeon Sprint DCSS version 0.19-a0-376-gf780d9b (webtiles) character file.

3658 Loading the Cruncher (level 10, 0/86 HPs)
             Began as a Formicid Gladiator on May 30, 2016.
             Was an Elder of Qazlal.
             Impaled on a porcupine's spines (6 damage)
             ... in the Dungeon (Sprint IX: "|||||||||||||||||||||||||||||").
             The game lasted 00:05:05 (1085 turns).

Loading the Cruncher (Formicid Gladiator)           Turns: 1085, Time: 00:05:06

Health: 0/86       AC: 16    Str: 26    XL:     10   Next: 34%
Magic:  17/17      EV: 16    Int:  7    God:    Qazlal [****..]
Gold:   0          SH:  5    Dex: 14    Spells: 0 memorised, 9 levels left

rFire  . . .     SeeInvis +     p - +4 quarterstaff (speed)
rCold  . . .     Gourm    .     r - +1 chain mail
rNeg   . . .     Faith    .     (no shield)
rPois  .         Spirit   .     (helmet unavailable)
rElec  .         Dismiss  .     q - +0 cloak
rCorr  .         Reflect  .     (no gloves)
SustAt .         Harm     .     (no boots)
MR     +....                    (no amulet)
Stlth  ..........               t - +2 ring of evasion
                                s - +2 ring of protection

@: mighty, repel missiles, somewhat resistant to hostile enchantments, extremely
unstealthy
A: permanent stasis, dig shafts and tunnels, four strong arms, antennae 3
a: Dig, Upheaval, Elemental Force, Renounce Religion


You were in the Dungeon.
You worshipped Qazlal.
Qazlal was greatly pleased with you.
You were not hungry.

You visited 1 branch

Inventory:

Hand Weapons
 a - a +0 quarterstaff
 p - a +4 quarterstaff of speed (weapon)
Armour
 q - a +0 cloak (worn)
 r - a +1 chain mail (worn)
Jewellery
 f - an uncursed amulet of faith
 s - a +2 ring of protection (left hand)
 t - a +2 ring of evasion (right hand)
Wands
 o - a wand of lightning (7/15)
Scrolls
 j - 5 scrolls of blinking
 k - a scroll of fear
 l - a scroll of fog
 m - 3 scrolls of remove curse
 n - 2 scrolls of amnesia
Potions
 d - a potion of agility
 e - a potion of curing
 g - 2 potions of haste
 h - 4 potions of magic
 i - 2 potions of berserk rage


   Skills:
 + Level 10.7 Fighting
 * Level 13.6 Staves
 - Level 2.0 Throwing
 + Level 10.4 Armour
 + Level 9.3 Dodging
 + Level 10.3 Invocations


You had 9 spell levels left.
You didn't know any spells.

Dungeon Overview and Level Annotations

Branches:
Dungeon (1/1)

Altars:
Cheibriados
Dithmenos
Elyvilon
Fedhas
Gozag
Hepliaklqana
Kikubaaqudgha
Makhleb
Nemelex Xobeh
Okawaru
Pakellas
Qazlal
Ru
Sif Muna
Trog
Ukayaw
Vehumet
Xom
Yredelemnul
Zin
The Shining One
Beogh
Jiyva
Lugonu


Innate Abilities, Weirdness & Mutations

You are under a permanent stasis effect.
You can dig through walls and to a lower floor.
Your four strong arms can wield two-handed weapons with a shield.
You have a pair of large antennae on your head. (SInv)


Message History

You bludgeon the giant frog!!
You kill the giant frog!
Qazlal accepts your kill.
You see here a +2 hand crossbow of flaming.
You see here 8 sling bullets.
You are struck by the porcupine's spines.
* * * LOW HITPOINT WARNING * * *
You closely miss the porcupine. You closely miss the porcupine.
The porcupine completely misses you.
You sock the porcupine!
You kill the porcupine!
Qazlal accepts your kill.
You feel better. You block the porcupine's attack.
You closely miss the porcupine.
You are struck by the porcupine's spines.
* * * LOW HITPOINT WARNING * * *
You closely miss the porcupine. You block the porcupine's attack.
You barely miss the porcupine.
You are struck by the porcupine's spines.
You die...

▓_▓.▓†▓
{
▓_▓.▓†▓
{
▓_▓.▓.▓
{
▓_▓.▓.▓
{
▓_▓.▓.▓
{
▓'▓.▓.▓
{
▓.▓.▓l▓
{
▓.▓.▓r▓
{ {
▓.▓.▓@▓
▓.▓.▓.▓
▓.▓.▓.▓
▓)▓.▓.▓
▓.▓.▓.▓
▓.▓.▓.▓
▓.▓.▓'▓
▓.▓.▓.▓
▓.▓.▓.▓


You could see a komodo dragon and a porcupine.

Vanquished Creatures
  2 hydras (D)
  2 hill giants (D)
  A spiny frog (D)
  A kobold demonologist (D)
  A yak (D)
  A hungry ghost (D)
  A porcupine (D)
  An ice beast (D)
  A big kobold (D)
  2 giant frogs (D)
  A scorpion (D)
  A crimson imp (D)
  2 hounds (D)
  A worker ant (D)
  An ooze (D)
  An adder zombie (D)
  An orc (D)
  A bat (D)
  A bat zombie (D)
  A hobgoblin (D)
  A ball python skeleton (D)
  2 giant newts (D)
  A quokka skeleton (D)
28 creatures vanquished.

Notes
Turn   | Place    | Note
--------------------------------------------------------------
     0 | D        | Loading the Formicid Gladiator began the quest for the Orb.
     0 | D        | Reached XP level 1. HP: 16/16 MP: 1/1
     5 | D        | Reached skill level 1 in Armour
     7 | D        | Reached XP level 2. HP: 19/23 MP: 2/2
   105 | D        | Noticed a crimson imp
   112 | D        | Reached skill level 4 in Staves
   114 | D        | Reached skill level 5 in Staves
   114 | D        | Reached XP level 3. HP: 25/30 MP: 3/3
   128 | D        | Reached XP level 4. HP: 10/37 MP: 4/4
   164 | D        | Reached skill level 6 in Staves
   164 | D        | Reached XP level 5. HP: 17/43 MP: 5/5
   216 | D        | Found a glowing silver altar of Zin.
   216 | D        | Found a glowing golden altar of the Shining One.
   216 | D        | Found an ancient bone altar of Kikubaaqudgha.
   216 | D        | Found a basalt altar of Yredelemnul.
   216 | D        | Found a shimmering altar of Xom.
   216 | D        | Found a radiant altar of Vehumet.
   217 | D        | Found an iron altar of Okawaru.
   288 | D        | Found a burning altar of Makhleb.
   289 | D        | Found a deep blue altar of Sif Muna.
   290 | D        | Found a bloodstained altar of Trog.
   291 | D        | Found a sparkling altar of Nemelex Xobeh.
   292 | D        | Found a white marble altar of Elyvilon.
   293 | D        | Found a roughly hewn altar of Beogh.
   294 | D        | Found a viscous altar of Jiyva.
   295 | D        | Found a corrupted altar of Lugonu.
   296 | D        | Found a blossoming altar of Fedhas.
   297 | D        | Found a snail-covered altar of Cheibriados.
   298 | D        | Found a shadowy altar of Dithmenos.
   299 | D        | Found a stormy altar of Qazlal.
   300 | D        | Found an opulent altar of Gozag.
   301 | D        | Found a sacrificial altar of Ru.
   302 | D        | Found an oddly glowing altar of Pakellas.
   303 | D        | Found a hide-covered altar to Ukayaw.
   304 | D        | Found a hazy altar of Hepliaklqana.
   317 | D        | Became a worshipper of Qazlal Stormbringer
   401 | D        | Noticed a hill giant
   401 | D        | Noticed a giant frog
   401 | D        | Noticed a hungry ghost
   401 | D        | Noticed an ice beast
   413 | D        | Killed an ice beast
   413 | D        | Reached skill level 5 in Fighting
   413 | D        | Reached skill level 7 in Staves
   413 | D        | Reached skill level 5 in Armour
   413 | D        | Reached skill level 5 in Dodging
   413 | D        | Reached XP level 6. HP: 35/52 MP: 5/8
   431 | D        | Killed a hungry ghost
   431 | D        | Reached * piety under Qazlal
   431 | D        | Reached skill level 8 in Staves
   440 | D        | Killed a hill giant
   440 | D        | Reached skill level 10 in Staves
   440 | D        | Reached XP level 7. HP: 11/61 MP: 6/12
   440 | D        | Reached XP level 8. HP: 13/68 MP: 6/13
   445 | D        | Reached ** piety under Qazlal
   707 | D        | Noticed a kobold demonologist
   707 | D        | Noticed a hill giant
   718 | D        | Noticed a soul eater
   725 | D        | Killed a hill giant
   725 | D        | Reached skill level 11 in Staves
   741 | D        | Killed a kobold demonologist
   741 | D        | Reached XP level 9. HP: 39/76 MP: 5/15
   754 | D        | Reached *** piety under Qazlal
  1029 | D        | Noticed a six-headed hydra
  1029 | D        | Noticed a seven-headed hydra
  1029 | D        | Noticed a spiny frog
  1047 | D        | Killed a seven-headed hydra
  1047 | D        | Reached skill level 12 in Staves
  1054 | D        | Noticed a komodo dragon
  1060 | D        | Killed a six-headed hydra
  1060 | D        | Reached skill level 10 in Fighting
  1060 | D        | Reached skill level 13 in Staves
  1060 | D        | Reached skill level 10 in Armour
  1060 | D        | Reached skill level 10 in Invocations
  1060 | D        | Reached XP level 10. HP: 15/86 MP: 15/17
  1065 | D        | Killed a spiny frog
  1070 | D        | Reached **** piety under Qazlal
  1085 | D        | Impaled on a porcupine's spines

Vault maps used:
D:        linesprint

Skill      XL: |  1  2  3  4  5  6  7  8  9 |
---------------+----------------------------+-----
Armour         | 1 3 4 5 7 8 10 | 10.4
Dodging        | 3 4 5 7 9 |  9.3
Fighting       | 3 4 5 7 9 10 | 10.7
Staves         | 5 6 7 10 11 13 | 13.6
Invocations    | 3 6 8 10 | 10.3
Throwing       | |  2.0

Action                   |  1- 3 |  4- 6 |  7- 9 | 10-12 || total
-------------------------+-------+-------+-------+-------++-------
Melee: Quarterstaff      |    34 |    58 |    67 |    15 ||   174
Invok: Upheaval          |       |       |     3 |       ||     3
  Use: Potion            |       |     3 |     5 |     3 ||    11
 Stab: Invisible         |       |       |     4 |       ||     4
  Eat: Bread ration      |       |       |     1 |       ||     1
Armor: Leather armour    |     7 |     3 |       |       ||    10
       Chain mail        |       |     8 |    24 |     2 ||    34
Dodge: Dodged            |    21 |    18 |    38 |     2 ||    79
Block: Other             |       |       |     5 |     3 ||     8
